 Dungeon Crawl Stone Soup version 0.27.1-2-g3b301248ec (webtiles) character file.

Game seed: 6616998996377319069

6364 MisterFreud the Blocker (level 6, -5/57 HPs)
             Began as a Gnoll Fighter on Sept 26, 2021.
             Was a High Priest of Ru.
             Slain by a komodo dragon (26 damage)
             ... on level 8 of the Dungeon.
             The game lasted 00:14:17 (11649 turns).

MisterFreud the Blocker (Gnoll Fighter)            Turns: 11649, Time: 00:14:17

Health: -5/57      AC: 11    Str: 15    XL:     6   Next: 97%
Magic:  14/14      EV: 10    Int: 10    God:    Ru [*****.]
Gold:   401        SH: 12    Dex: 11    Spells: 16/16 levels left

rFire    . . .     SeeInvis +   O - +2 hand axe (elec)
rCold    + . .     Faith    .   c - +1 kite shield
rNeg     . . .     Spirit   .   b - +0 scale mail
rPois    .         Reflect  .   (no helmet)
rElec    .         Harm     .   D - +0 cloak
rCorr    .         Rampage  .   (no gloves)
Will     .....                  y - +0 pair of boots
Stlth    ++........             q - amulet of magic regeneration
HPRegen  0.19/turn              v - ring of see invisible
MPRegen  0.39/turn              C - ring of protection from cold

@: exhausted
A: fangs 1, weak-willed 1, inexperienced 2, strong nose, distributed training
a: Renounce Religion, Draw Out Power, Power Leap, Apocalypse


You were on level 8 of the Dungeon.
You worshipped Ru.
Ru was extremely pleased with you.
You visited 3 branches of the dungeon, and saw 10 of its levels.
You also visited: Sewer.

You collected 401 gold pieces.

Inventory:

Hand Weapons
 k - a +2 dagger of flaming
 E - a +2 dagger of holy wrath
 F - a +0 rapier of flaming
 H - a +4 dagger
 M - a +1 scimitar of flaming
 O - a +2 hand axe of electrocution (weapon)
Missiles
 f - 13 boomerangs (quivered)
 i - 44 poisoned darts
 r - 2 throwing nets
Armour
 b - a +0 scale mail (worn)
 c - a +1 kite shield (worn)
 y - a +0 pair of boots (worn)
 D - a +0 cloak (worn)
Jewellery
 o - a ring of ice
 q - an amulet of magic regeneration (around neck)
 v - a ring of see invisible (left hand)
 C - a ring of protection from cold (right hand)
Wands
 g - a wand of flame (9)
 u - a wand of polymorph (11)
 I - a wand of charming (6)
Scrolls
 a - 2 scrolls of amnesia
 m - a scroll of fear
 p - a scroll of acquirement {unknown}
 x - a scroll of enchant weapon {unknown}
 z - 3 scrolls of immolation
 A - 2 scrolls of teleportation
 G - 2 scrolls of fog
 J - a scroll of magic mapping {unknown}
 K - a scroll of vulnerability {unknown}
 L - 2 scrolls of identify
Potions
 d - 2 potions of resistance
 e - 3 potions of attraction
 h - 2 potions of brilliance {unknown}
 j - a potion of might
 l - a potion of ambrosia {unknown}
 n - 3 potions of lignification
 s - a potion of flight {unknown}
 t - a potion of heal wounds {unknown}
 w - a potion of curing
 B - a potion of berserk rage {unknown}
 N - a potion of magic {unknown}


   Skills:
 + Level 8.8 Fighting
 + Level 7.4 Short Blades
 + Level 5.7 Long Blades
 + Level 5.7 Axes
 + Level 5.7 Maces & Flails
 + Level 5.7 Polearms
 + Level 5.7 Staves
 + Level 5.7 Slings
 + Level 5.7 Bows
 + Level 5.7 Crossbows
 + Level 5.7 Throwing
 + Level 8.8 Armour
 + Level 5.7 Dodging
 + Level 5.7 Stealth
 + Level 8.8 Shields
 + Level 5.7 Unarmed Combat
 + Level 5.7 Spellcasting
 + Level 4.7 Conjurations
 + Level 4.7 Hexes
 + Level 4.7 Summonings
 + Level 4.7 Necromancy
 + Level 4.7 Translocations
 + Level 4.7 Transmutations
 + Level 4.7 Fire Magic
 + Level 4.7 Ice Magic
 + Level 4.7 Air Magic
 + Level 4.7 Earth Magic
 + Level 4.7 Poison Magic
 + Level 6.3 Invocations
 + Level 5.7 Evocations


You had 16 spell levels left.
You didn't know any spells.
Your spell library contained the following spells:

 Spells                   Type           Power      Damage    Failure   Level
 Foxfire                  Conj/Fire      48%        2x1d6     22%         1
 Conjure Flame            Conj/Fire      12%        6-21      54%         3
 Inner Flame              Hex/Fire       12%        N/A       54%         3
 Animate Armour           Summ/Erth      24%        N/A       91%         4
 Summon Ice Beast         Ice/Summ       12%        N/A       91%         4
 Blade Hands              Tmut           6%         N/A       99%         5
 Summon Mana Viper        Hex/Summ       12%        N/A       99%         5
 Iron Shot                Conj/Erth      6%         9d2       100%        6
 Monstrous Menagerie      Summ           6%         N/A       100%        7


Dungeon Overview and Level Annotations

Branches:
Dungeon (8/15)             Temple (1/1) D:4            Lair (1/6) D:8
  Sewer (visited)

Altars:
Dithmenos
Elyvilon
Fedhas
Gozag
Hepliaklqana
Kikubaaqudgha
Ru
Trog
Xom
Yredelemnul
Zin
The Shining One

Annotations:
D:4 exclusion: moth of wrath


Innate Abilities, Weirdness & Mutations

You have very sharp teeth.
You are slightly weak-willed. (Will-)
You are inexperienced. (-4 XL)
Your uncanny sense of smell can sniff out nearby items.
Your experience applies equally to all skills.


Message History

You closely miss the yak.
The yak is severely wounded.
You hit the yak.
You hit the water moccasin but do no damage.
The yak is stunned by your conviction and fails to attack.
You block the yak's attack. You block the water moccasin's attack.
Unknown command.
You hit the yak. Lightning courses through the yak!!
You kill the yak!
You barely miss the yak. You miss the water moccasin.
The water moccasin bites you but does no damage.
The yak gores you. You block the water moccasin's attack. The yak gores you.
* * * LOW HITPOINT WARNING * * *
Unknown command.
Aiming: Power Leap
Press: ? - help, Dir - move target You block the komodo dragon's attack.
The yak completely misses you.
Unknown command.
The komodo dragon closely misses you.
You hit the komodo dragon but do no damage.
Lightning courses through the komodo dragon!
The komodo dragon is heavily wounded.
You block the komodo dragon's attack.
You hit the komodo dragon but do no damage.
The komodo dragon is heavily wounded.
The komodo dragon barely misses you.
You slash the komodo dragon!
The komodo dragon is severely wounded.
The komodo dragon bites you but does no damage.
You closely miss the komodo dragon.
The komodo dragon is severely wounded.
You redirect the komodo dragon's attack!
The komodo dragon bites the water moccasin.
You closely miss the komodo dragon.
The komodo dragon is severely wounded.
You block the komodo dragon's attack.
You hit the komodo dragon. Your bite misses the komodo dragon.
The komodo dragon is severely wounded.
The komodo dragon bites you!!
You die...

#...# #.......P...###
#...# ######...P..#.>
#...######## #..P...#[.
#..........# ##..P..#'#
#..........#
######.P.PS...
#..........#
#.....#.......
###........#
#.....#.......
#........####.....##......
#........@lSY.............
#........####.....###.....
#........# #.....# #.....
########.# #.....# #.....
#.####.....########
#..............#
##############.# #.# #.#


You could see a komodo dragon, a yak and a water moccasin.

Vanquished Creatures
  Erica (D:8)
  A two-headed ogre (D:8)
  Pikel (D:6)
  A troll (D:8)
  Grinder (D:6)
  8 yaks
  A vampire (D:7)
  Eustachio (D:6)
  2 water moccasins (D:7)
  2 orc warriors (D:8)
  Purgy (Sewer)
  2 ice beasts
  2 necrophages
  2 black bears
  A phantom (D:7)
  6 bullfrogs
  A kobold brigand (D:7)
  A wyvern zombie (D:7)
  3 scorpions
  A water moccasin skeleton (D:5)
  3 howler monkeys (D:8)
  3 bullfrog zombies
  3 orc priests
  3 hounds
  2 bullfrog skeletons
  Ijyb (D:4)
  A centaur skeleton (D:6)
  5 iguanas
  6 orc wizards
  A scorpion zombie (D:5)
  2 killer bee zombies (D:8)
  9 adders
  4 gnolls (D:4)
  An ufetubus (D:5)
  4 worms
  3 dart slugs
  16 orcs
  10 ball pythons
  5 endoplasms
  4 giant cockroaches
  7 goblins
  14 hobgoblins
  2 jackals (Sewer)
  17 kobolds
  A quokka (D:1)
  A bat (D:1)
  6 frilled lizards
  12 rats
185 creatures vanquished.

Vanquished Creatures (others)
  A black bear (D:8)
  Crazy Yiuf (D:5)
  An orc wizard (D:6)
  2 orcs
  11 fungi
  14 plants (D:8)
30 creatures vanquished.

Grand Total: 215 creatures vanquished

Notes
Turn   | Place    | Note
-------+----------+-------------------------------------------
     0 | D:1      | MisterFreud the Gnoll Fighter began the quest for the Orb.
     0 | D:1      | Reached XP level 1. HP: 23/23 MP: 1/1
   161 | D:1      | Reached XP level 2. HP: 29/29 MP: 2/2
   397 | D:1      | Reached XP level 3. HP: 32/35 MP: 3/3
  1192 | D:2      | Reached skill level 1 in Invocations
  1223 | D:2      | Reached skill level 1 in Long Blades
  1223 | D:2      | Reached skill level 1 in Axes
  1223 | D:2      | Reached skill level 1 in Maces & Flails
  1223 | D:2      | Reached skill level 1 in Polearms
  1223 | D:2      | Reached skill level 1 in Staves
  1223 | D:2      | Reached skill level 1 in Slings
  1223 | D:2      | Reached skill level 1 in Bows
  1223 | D:2      | Reached skill level 1 in Crossbows
  1223 | D:2      | Reached skill level 1 in Throwing
  1223 | D:2      | Reached skill level 1 in Dodging
  1223 | D:2      | Reached skill level 1 in Stealth
  1223 | D:2      | Reached skill level 1 in Unarmed Combat
  1223 | D:2      | Reached skill level 1 in Spellcasting
  1223 | D:2      | Reached skill level 1 in Evocations
  1245 | D:2      | Reached XP level 4. HP: 36/41 MP: 5/5
  1421 | D:2      | Found a faded altar of an unknown god.
  1432 | D:2      | Became a worshipper of Ru the Awakened
  1456 | D:2      | Gained mutation: You are somewhat inexperienced. (-2 XL)
                  | [Ru sacrifice]
  1456 | D:2      | Reached XP level 3. HP: 35/35 MP: 4/4
  1456 | D:2      | Reached XP level 2. HP: 29/29 MP: 3/3
  1456 | D:2      | Reached * piety under Ru
  1775 | D:3      | Reached skill level 1 in Conjurations
  1775 | D:3      | Reached skill level 1 in Hexes
  1775 | D:3      | Reached skill level 1 in Summonings
  1775 | D:3      | Reached skill level 1 in Necromancy
  1775 | D:3      | Reached skill level 1 in Translocations
  1775 | D:3      | Reached skill level 1 in Transmutations
  1775 | D:3      | Reached skill level 1 in Fire Magic
  1775 | D:3      | Reached skill level 1 in Ice Magic
  1775 | D:3      | Reached skill level 1 in Air Magic
  1775 | D:3      | Reached skill level 1 in Earth Magic
  1775 | D:3      | Reached skill level 1 in Poison Magic
  2131 | D:3      | Reached XP level 3. HP: 35/35 MP: 4/4
  2276 | D:3      | Found a glowing drain.
  2328 | Sewer    | Entered a sewer
  2666 | Sewer    | Noticed Purgy
  2679 | Sewer    | Killed Purgy
  2680 | Sewer    | Reached XP level 4. HP: 21/41 MP: 6/6
  3267 | D:4      | Noticed Ijyb
  3286 | D:4      | Killed Ijyb
  3290 | D:4      | Reached skill level 5 in Short Blades
  3444 | D:4      | Found a staircase to the Ecumenical Temple.
  3770 | D:4      | Noticed a necrophage
  3787 | D:4      | Killed a necrophage
  3899 | D:4      | Reached XP level 5. HP: 47/47 MP: 8/8
  4257 | D:4      | Noticed a moth of wrath
  4261 | D:4      | Found a bloodstained altar of Trog.
  5193 | D:4      | Gained mutation: You are slightly weak-willed. (Will-) [Ru
                  | sacrifice]
  5193 | D:4      | Reached ** piety under Ru
  5193 | D:4      | Reached *** piety under Ru
  5254 | Temple   | Entered the Ecumenical Temple
  5272 | D:5      | Entered Level 5 of the Dungeon
  5834 | D:5      | Found a white marble altar of Elyvilon.
  5940 | D:5      | Reached XP level 6. HP: 49/55 MP: 10/10
  5992 | D:5      | Found a shimmering altar of Xom.
  6664 | D:5      | Found a runed translucent door.
  6665 | D:5      | Noticed Crazy Yiuf
  6672 | D:5      | Killed Crazy Yiuf
  6724 | D:6      | Found a blossoming altar of Fedhas.
  6737 | D:6      | Noticed Pikel
  6759 | D:6      | Killed Pikel
  6825 | D:6      | Found a glowing silver altar of Zin.
  6849 | D:6      | Found an ancient bone altar of Kikubaaqudgha.
  6849 | D:6      | Found a hazy altar of Hepliaklqana.
  6850 | D:6      | Found a basalt altar of Yredelemnul.
  6850 | D:6      | Found a sacrificial altar of Ru.
  6873 | D:6      | Reached XP level 7. HP: 24/60 MP: 12/12
  6974 | D:6      | Noticed Eustachio
  7065 | D:6      | Killed Eustachio
  7270 | D:6      | Noticed Grinder
  7282 | D:6      | Paralysed by Grinder for 4 turns
  7302 | D:6      | Killed Grinder
  7564 | D:6      | You fall into a shaft and drop 1 floor!
  8322 | D:7      | HP: 2/57 [water moccasin (5)]
  8610 | D:7      | Gained mutation: You are inexperienced. (-4 XL) [Ru
                  | sacrifice]
  8610 | D:7      | Reached XP level 6. HP: 52/54 MP: 12/12
  8610 | D:7      | Reached XP level 5. HP: 47/47 MP: 11/11
  8610 | D:7      | Reached **** piety under Ru
  8610 | D:7      | Reached ***** piety under Ru
  8664 | D:7      | Found an opulent altar of Gozag.
  8974 | D:7      | Reached skill level 5 in Invocations
  9049 | D:7      | Found a shadowy altar of Dithmenos.
  9446 | D:8      | Found a glowing golden altar of the Shining One.
  9493 | D:8      | Noticed a two-headed ogre
  9500 | D:8      | Killed a two-headed ogre
  9501 | D:8      | Reached XP level 6. HP: 48/56 MP: 4/13
  9607 | D:8      | Reached skill level 5 in Long Blades
  9607 | D:8      | Reached skill level 5 in Axes
  9607 | D:8      | Reached skill level 5 in Maces & Flails
  9607 | D:8      | Reached skill level 5 in Polearms
  9607 | D:8      | Reached skill level 5 in Staves
  9607 | D:8      | Reached skill level 5 in Slings
  9607 | D:8      | Reached skill level 5 in Bows
  9607 | D:8      | Reached skill level 5 in Crossbows
  9607 | D:8      | Reached skill level 5 in Throwing
  9607 | D:8      | Reached skill level 5 in Dodging
  9607 | D:8      | Reached skill level 5 in Stealth
  9607 | D:8      | Reached skill level 5 in Unarmed Combat
  9607 | D:8      | Reached skill level 5 in Spellcasting
  9607 | D:8      | Reached skill level 5 in Evocations
 10506 | D:8      | Noticed Erica
 10537 | D:8      | Killed Erica
 10725 | D:8      | Found a staircase to the Lair.
 11610 | Lair:1   | Entered Level 1 of the Lair of Beasts
 11649 | D:8      | Slain by a komodo dragon

Illustrated notes

Levels and vault maps discovered:
D:1:      onia_arrival_handbag, layout_basic, st_stairs_12
D:2:      layout_basic, basic_ecumenical_altar, minmay_joined_circles
D:3:      layout_basic, portal_sewer_entry_e, minivault_25, dk_noncrumbling_3
D:4:      layout_basic, tgw_trog, minmay_temple_entry_waves,
          minmay_fountain_box, uniq_ijyb
D:5:      layout_cave_pools, lemuel_coloured_pillars_altar,
          lemuel_crystal_altar, serial_rivers, chequers_serial_rivers_large_a,
          chequers_serial_rivers_small_b, chequers_serial_rivers_micro_c,
          chequers_serial_rivers_marsh, chequers_serial_rivers_small_3,
          chequers_serial_rivers_micro_c, kennysheep_generic_room_10,
          uniq_crazy_yiuf_cottage
D:6:      layout_basic, fedhas_altar_fruit_tree, grunt_temple_overflow_open,
          uniq_grinder, uniq_pikel, uniq_eustachio
D:7:      layout_loops_ring, mainiacjoe_overflow_surrounded_room,
          overflow_temple_1_default, st_stairs_10
D:8:      layout_basic, kennysheep_mini, grunt_lair_entry_orc_guard_hut,
          serial_glass, glass_columns_a, glass_columns_b, chequers_arboretum,
          chequers_serial_rivers_small_b, uniq_erica
Temple:   jpeg_temple_island
Lair:1:   layout_chaotic_city, beast_lair_carwin_3

Skill      XL: |  1  2  3  4  5  6  7 |
---------------+----------------------+-----
Invocations    | 2 5 6 |  6.3
Long Blades    | 1 2 5 4 |  5.7
Axes           | 1 2 5 4 |  5.7
Maces & Flails | 1 2 5 4 |  5.7
Polearms       | 1 2 5 4 |  5.7
Staves         | 1 2 5 4 |  5.7
Slings         | 1 2 5 4 |  5.7
Bows           | 1 2 5 4 |  5.7
Crossbows      | 1 2 5 4 |  5.7
Throwing       | 1 2 5 4 |  5.7
Dodging        | 1 2 5 4 |  5.7
Stealth        | 1 2 5 4 |  5.7
Unarmed Combat | 1 2 5 4 |  5.7
Spellcasting   | 1 2 5 4 |  5.7
Evocations     | 1 2 5 4 |  5.7
Conjurations   | 1 4 3 |  4.7
Hexes          | 1 4 3 |  4.7
Summonings     | 1 4 3 |  4.7
Necromancy     | 1 4 3 |  4.7
Translocations | 1 4 3 |  4.7
Transmutations | 1 4 3 |  4.7
Fire Magic     | 1 4 3 |  4.7
Ice Magic      | 1 4 3 |  4.7
Air Magic      | 1 4 3 |  4.7
Earth Magic    | 1 4 3 |  4.7
Poison Magic   | 1 4 3 |  4.7
Short Blades   | 5 7 |  7.4
Fighting       | 7 8 |  8.8
Armour         | 7 8 |  8.8
Shields        | 7 8 |  8.8

Action                   |  1- 3 |  4- 6 |  7- 9 || total
-------------------------+-------+-------+-------++-------
Melee: Rapier            |   249 |   572 |   152 ||   973
       Bite              |    17 |    62 |    11 ||    90
       Hand axe          |       |    27 |       ||    27
       Unarmed           |       |    16 |       ||    16
Invok: Sacrifice Experie |     1 |     1 |       ||     2
       Draw Out Power    |       |     2 |     3 ||     5
       Power Leap        |       |     4 |       ||     4
       Apocalypse        |       |     1 |       ||     1
       Sacrifice Essence |       |     1 |       ||     1
Evoke: Wand              |       |     1 |     2 ||     3
  Use: Potion            |     1 |       |     2 ||     3
       Scroll            |       |    10 |     1 ||    11
 Stab: Distracted        |       |     5 |       ||     5
       Invisible         |       |     2 |     2 ||     4
       Paralysed         |       |     1 |       ||     1
       Confused          |       |     1 |       ||     1
       Sleeping          |       |       |     1 ||     1
Armor: Scale mail        |    88 |   186 |    49 ||   323
       Skin              |       |     4 |       ||     4
Dodge: Dodged            |    60 |   174 |    44 ||   278
Block: Kite shield       |   118 |   315 |    98 ||   531
